 Dungeon Sprint DCSS version 0.18-a0-1782-gb76a692 (webtiles) character file.

420 Kidiri the Protected (level 6, -23/66 HPs)
             Began as a Gargoyle Fighter on Apr 17, 2016.
             Was a Follower of Okawaru.
             Annihilated by a white ugly thing (35 damage)
             ... in the Dungeon (Sprint IX: "|||||||||||||||||||||||||||||").
             The game lasted 00:02:07 (429 turns).

Kidiri the Protected (Gargoyle Fighter)              Turns: 429, Time: 00:02:08

Health: -23/66     AC: 23    Str: 27    XL:     6   Next: 94%
Magic:  9/9        EV:  9    Int:  8    God:    Okawaru [*.....]
Gold:   0          SH: 12    Dex: 12    Spells: 0 memorised, 5 levels left

rFire  . . .     SeeInvis .     a - +0 flail
rCold  . . .     Gourm    .     e - +3 chain mail
rNeg   + . .     Faith    .     c - +0 shield
rPois  ∞         Spirit   .     (no helmet)
rElec  +         Dismiss  .     (no cloak)
rCorr  .         Reflect  .     q - +0 pair of gloves
SustAt .         Harm     .     r - +0 pair of boots
MR     .....     NoTele   +     (no amulet)
Stlth  ..........               t - +3 ring of dexterity
                                s - +2 ring of protection

@: berserking, very quick, not resistant to hostile enchantments, extremely
unstealthy
A: negative energy resistance 1, electricity resistance, unbreathing,
petrification resistance, rot immunity, AC +4
a: Heroism, Renounce Religion


You were in the Dungeon.
You worshipped Okawaru.
Okawaru was aware of your devotion.
You were not hungry.

You visited 1 branch

Inventory:

Hand Weapons
 a - a +0 flail (weapon)
Armour
 c - a +0 shield (worn)
 e - a +3 chain mail (worn)
 q - a +0 pair of gloves (worn)
 r - a +0 pair of boots (worn)
Jewellery
 s - a +2 ring of protection (left hand)
 t - a +3 ring of dexterity (right hand)
Wands
 p - a wand of acid (7/15)
Scrolls
 k - 2 scrolls of blinking
 n - 3 scrolls of remove curse
 o - 2 scrolls of amnesia
Potions
 b - a potion of invisibility
 d - a potion of might
 h - a potion of haste
 i - 4 potions of magic
 m - 3 potions of curing
Comestibles
 f - a bread ration
 l - 7 chunks of flesh


   Skills:
 * Level 8.2 Fighting
 + Level 5.3 Maces & Flails
 * Level 8.3 Armour
 + Level 3.7 Dodging
 * Level 8.3 Shields
 + Level 4.0 Invocations


You had 5 spell levels left.
You didn't know any spells.

Dungeon Overview and Level Annotations

Branches:
Dungeon (1/1)

Altars:
Cheibriados
Dithmenos
Elyvilon
Fedhas
Gozag
Kikubaaqudgha
Makhleb
Nemelex Xobeh
Okawaru
Pakellas
Qazlal
Ru
Sif Muna
Trog
Vehumet
Xom
Yredelemnul
Zin
The Shining One
Beogh
Jiyva
Lugonu


Innate Abilities, Weirdness & Mutations

You are resistant to torment.
Your stone body is resilient (AC +4).
You are immune to poison.
You resist negative energy.
You are resistant to electric shocks.
You can survive without breathing.
You are immune to petrification.
You are immune to rotting.


Message History

The white ugly thing is heavily wounded.
The white ugly thing pecks you. The white ugly thing freezes you!!
Ouch! That really hurt!
* * * LOW HITPOINT WARNING * * *
You hit the white ugly thing but do no damage.
The white ugly thing is moderately wounded.
You block the white ugly thing's attack. x2
Unknown command.
Drink which item? (? for menu, Esc to quit)
You feel better.
The howler monkey hoots and howls with incredible vigour!
You block the white ugly thing's attack.
Drink which item? (? for menu, Esc to quit)
A red film seems to cover your vision as you go berserk!
You feel yourself moving faster!
You feel mighty! The white ugly thing pecks you.
* * * LOW HITPOINT WARNING * * *
The white ugly thing freezes you!!
Ouch! That really hurt!
You die... ▓▓▓▓▓▓▓▓▓▓▓▓▓▓▓▓▓▓▓▓▓▓▓▓ ..|)..[..'(.....@uchh9.+ ▓▓▓▓▓▓▓▓▓▓▓▓▓▓▓▓▓▓▓▓▓▓▓▓

You could see a white ugly thing, a black bear, a gargoyle, a centaur and a howler monkey.

Vanquished Creatures
  A black bear (D)
  An orc warrior (D)
  A centaur (D)
  2 giant frogs (D)
  An adder (D)
  An adder zombie (D)
  2 orcs (D)
  2 bat skeletons (D)
  A hobgoblin (D)
  A giant cockroach zombie (D)
  4 kobolds (D)
17 creatures vanquished.

Notes
Turn   | Place    | Note
--------------------------------------------------------------
     0 | D        | Kidiri the Gargoyle Fighter began the quest for the Orb.
     0 | D        | Reached XP level 1. HP: 14/14 MP: 1/1
    33 | D        | Noticed a centaur
    53 | D        | Killed a centaur
    53 | D        | Reached skill level 5 in Fighting
    53 | D        | Reached skill level 5 in Armour
    53 | D        | Reached skill level 5 in Shields
    53 | D        | Reached XP level 2. HP: 14/21 MP: 2/2
    53 | D        | Reached XP level 3. HP: 17/26 MP: 3/3
    53 | D        | Reached XP level 4. HP: 21/31 MP: 4/4
    83 | D        | Found a glowing silver altar of Zin.
    83 | D        | Found a glowing golden altar of the Shining One.
    83 | D        | Found an ancient bone altar of Kikubaaqudgha.
    83 | D        | Found a basalt altar of Yredelemnul.
    83 | D        | Found a shimmering altar of Xom.
    83 | D        | Found a radiant altar of Vehumet.
    84 | D        | Found an iron altar of Okawaru.
    85 | D        | Found a burning altar of Makhleb.
    86 | D        | Found a deep blue altar of Sif Muna.
    87 | D        | Found a bloodstained altar of Trog.
    88 | D        | Found a sparkling altar of Nemelex Xobeh.
    89 | D        | Found a white marble altar of Elyvilon.
    90 | D        | Found a roughly hewn altar of Beogh.
    91 | D        | Found a viscous altar of Jiyva.
    92 | D        | Became a worshipper of Warmaster Okawaru
    93 | D        | Found a corrupted altar of Lugonu.
    94 | D        | Found a blossoming altar of Fedhas.
    95 | D        | Found a snail-covered altar of Cheibriados.
    96 | D        | Found a shadowy altar of Dithmenos.
    97 | D        | Found a stormy altar of Qazlal.
    98 | D        | Found an opulent altar of Gozag.
    99 | D        | Found a sacrificial altar of Ru.
   100 | D        | Found an oddly glowing altar of Pakellas.
   250 | D        | Noticed a giant frog
   250 | D        | Noticed a black bear
   250 | D        | Noticed an orc warrior
   254 | D        | Killed a giant frog
   254 | D        | Reached skill level 1 in Invocations
   254 | D        | Reached XP level 5. HP: 37/37 MP: 4/6
   263 | D        | Killed a black bear
   263 | D        | Reached * piety under Okawaru
   263 | D        | Reached XP level 6. HP: 16/44 MP: 5/8
   274 | D        | Killed an orc warrior
   274 | D        | Reached skill level 5 in Maces & Flails
   402 | D        | Noticed a white ugly thing
   402 | D        | Noticed a black bear
   402 | D        | Noticed a gargoyle
   429 | D        | Annihilated by a white ugly thing

Vault maps used:
D:        linesprint

Skill      XL: |  1  2  3  4  5  6 |
---------------+-------------------+-----
Fighting       | 5 6 7 8 |  8.2
Maces & Flails | 3 4 5 |  5.3
Armour         | 5 6 7 8 |  8.3
Dodging        | 2 3 |  3.7
Shields        | 5 6 7 8 |  8.3
Invocations    | 1 2 4 |  4.0

Action                   |  1- 3 |  4- 6 || total
-------------------------+-------+-------++-------
Melee: Flail             |    38 |    70 ||   108
Invok: Heroism           |       |     2 ||     2
  Use: Potion            |     2 |     4 ||     6
Armor: Scale mail        |    17 |     5 ||    22
       Chain mail        |       |    30 ||    30
Dodge: Dodged            |    14 |    18 ||    32
Block: Shield            |    18 |    53 ||    71
